 Dungeon Crawl Stone Soup version 0.24.0-13-gcf9b319 (webtiles) character file.

Game seed: 10859176112984721537, levelgen mode: deterministic

3676 Calico the Spear-Bearer (level 9, -6/56 HPs)
             Began as a Yellow Draconian Chaos Knight on Feb 4, 2020.
             Was a Plaything of Xom.
             Mangled by a yak (15 damage)
             ... on level 10 of the Dungeon on Feb 5, 2020.
             The game lasted 01:44:38 (6316 turns).

Calico the Spear-Bearer (DrCK)                      Turns: 6316, Time: 01:44:38

Health: -6/56      AC: 10    Str: 15    XL:     9   Next: 89%
Magic:  0/18       EV: 17    Int: 12    God:    Xom [..*...]
Gold:   514        SH:  0    Dex: 16    Spells: 8/8 levels left

rFire    . . .     SeeInvis .   V - +4 spear
rCold    . . .     Gourm    .   (no shield)
rNeg     + . .     Faith    .   (armour unavailable)
rPois    +         Spirit   +   (helmet restricted)
rElec    .         Reflect  .   F - scarf {Spirit}
rCorr    +         Harm     +   j - +0 pair of gloves
MR       .....     Clarity  +   k - +1 pair of boots
Stlth    +.........             m - amulet of harm
HPRegen  0.18/turn              b - ring of poison resistance
MPRegen  0.16/turn              x - ring "Taodun" {rN+ MP+9 Dex+2}

@: no status effects
A: spit acid, unfitting armour, clarity, frail 3, sense surroundings 1,
cold-blooded, acid resistance, AC +7
a: Breathe Acid, Renounce Religion


You were on level 10 of the Dungeon.
You worshipped Xom.
You were a toy of Xom.
You were hungry.

You visited 2 branches of the dungeon, and saw 11 of its levels.
You also visited: Ossuary.

You collected 514 gold pieces.

Inventory:

Hand Weapons
 v - a +0 spear of chaos
 V - a +4 spear (weapon)
Missiles
 f - 5 atropa-tipped darts (quivered)
 g - 4 curare-tipped darts
Armour
 j - a +0 pair of gloves (worn)
 k - a +1 pair of boots (worn)
 F - a scarf of spirit shield (worn)
Jewellery
 b - a ring of poison resistance (left hand)
 m - an amulet of harm (around neck)
 x - the ring "Taodun" (right hand) {rN+ MP+9 Dex+2}
   (Xom gifted it to you in an ossuary)

   [ring of magical power]

   It affects your dexterity (+2).
   It protects you from negative energy.
   It affects your magic capacity (+9).
Wands
 B - a wand of random effects (18)
 M - a wand of iceblast (15)
 N - a wand of flame (20)
Scrolls
 a - a scroll of noise {unknown}
 e - a scroll of enchant armour {unknown}
 h - 3 scrolls of remove curse
 q - 2 scrolls of fear {unknown}
 t - a scroll of brand weapon {unknown}
 y - 2 scrolls of enchant weapon {unknown}
 z - a scroll of blinking {unknown}
 E - 2 scrolls of amnesia {unknown}
Potions
 c - 4 potions of flight
 d - a potion of brilliance {unknown}
 i - 6 potions of curing
 l - 2 potions of heal wounds
 o - a potion of cancellation {unknown}
 p - a potion of magic {unknown}
 r - 4 potions of lignification
 w - 4 potions of mutation
 C - 2 potions of might {unknown}
 D - a potion of ambrosia {unknown}
 G - 2 potions of berserk rage {unknown}
Comestibles
 s - 15 rations


   Skills:
 + Level 7.6 Fighting
 + Level 10.7 Polearms
 + Level 7.2 Dodging


You had 8 spell levels left.
You didn't know any spells.
Your spell library contained the following spells:

 Spells                   Type           Power        Failure   Level  Hunger
 Magic Dart               Conj           #...         32%         1    ##.....
 Searing Ray              Conj           #.....       45%         2    ###....
 Dazzling Spray           Conj/Hex       #.....       69%         3    ####...
 Force Lance              Conj/Tloc      #.......     97%         4    #####..
 Fulminant Prism          Conj/Hex       #.........   97%         4    #####..
 Iskenderun's Mystic Bla  Conj           #.......     97%         4    #####..


Dungeon Overview and Level Annotations

Branches:
Dungeon (10/15)            Temple (1/1) D:6         Ossuary (visited)
   Lair: D:8-11         Orc: D:9-12

Altars:
Cheibriados
Dithmenos
Elyvilon
Gozag
Kikubaaqudgha
Makhleb
Okawaru
Qazlal
Uskayaw
Vehumet
Wu Jian
Xom
Yredelemnul

Annotations:
D:5 1 transporter, 0gre's ghost, novice GnFi; Grinder


Innate Abilities, Weirdness & Mutations

You can spit globs of acid.
Your golden yellow scales are hard. (AC +7)
You cannot fit into any form of body armour.
You are cold-blooded and may be slowed by cold attacks.
You are resistant to acid. (rCorr)
You possess an exceptional clarity of mind.
You are extremely frail. (-30% HP)
You passively map a small area around you.


Message History

You hit the yak but do no damage.
The yak is heavily wounded.
The yak gores you.
You barely miss the yak.
The yak is heavily wounded.
The yak misses you. The yak gores you.
You barely miss the yak.
You tail-slap the yak, but do no damage.
The yak gores you! The yak closely misses you. The yak barely misses you.
You hit the yak.
The yak is heavily wounded.
The yak gores you.
You barely miss the death yak. You tail-slap the death yak.
The death yak is lightly wounded.
The yak gores you! The yak barely misses you. The yak gores you!
* * * LOW HITPOINT WARNING * * *
The yak gores you!
You die...
Xom roars with laughter!

..... , ......# .. ,
..... *.....#*.....* *
.....######...###.....
, *
.........)............
.....................
................O... ,
####..........lY#
#..........YY+, ,
#..........Y@# , ,
#..........Y.# ,, *, ,
#............#, **
#............# ,, *,
#............+ ,
#............##+### ,,
#.................# ,
#.................#
#...........<.....#


You could see a death yak, 4 yaks, a basilisk and an ogre.

Vanquished Creatures
  Joseph (D:9)
  A troll (D:8)
  A yak (D:10)
  A water moccasin (D:8)
  2 ice beasts
  3 sky beasts
  A black bear (D:8)
  2 ogres
  2 centaurs
  A gnoll sergeant (D:7)
  Blork the orc (D:5)
  5 bullfrogs
  A water moccasin zombie (D:9)
  A wyvern skeleton (D:10)
  3 scorpions
  6 killer bees (D:8)
  4 wights
  2 howler monkeys
  A bullfrog zombie (D:7)
  3 crimson imps
  3 hounds
  A quasit (D:7)
  An iron imp (Temple)
  A centaur zombie (Ossuary)
  An orc priest (D:9)
  2 jellies
  Terence (D:2)
  3 orc wizards
  2 worker ants
  A hound zombie (D:8)
  4 mummies
  A worker ant zombie (D:7)
  7 gnolls (D:7)
  3 adders
  A howler monkey skeleton (D:6)
  A shadow imp (D:8)
  2 oozes
  An adder skeleton (D:6)
  A worm (D:2)
  2 dart slugs
  3 leopard geckos
  14 orcs
  4 bats
  4 giant cockroaches
  2 gnoll zombies (Ossuary)
  8 goblins
  7 hobgoblins
  5 kobolds
  3 quokkas
  A ball python (D:1)
  7 frilled lizards
  A goblin zombie (Ossuary)
  2 hobgoblin zombies (Ossuary)
  2 orc zombies (Ossuary)
  A quokka skeleton (D:7)
  A quokka zombie (D:9)
  10 rats
156 creatures vanquished.

Vanquished Creatures (collateral kills)
  An orc (D:3)
1 creature vanquished.

Grand Total: 157 creatures vanquished

Notes
Turn   | Place    | Note
-------+----------+-------------------------------------------
     0 | D:1      | Calico the Draconian Chaos Knight began the quest for the
                  | Orb.
     0 | D:1      | Reached XP level 1. HP: 19/19 MP: 1/1
   175 | D:1      | Reached XP level 2. HP: 26/26 MP: 2/2
   438 | D:1      | XOM: divination: magic mapping
   456 | D:1      | XOM: harmless Tloc miscast
   729 | D:2      | Reached XP level 3. HP: 33/33 MP: 3/3
   820 | D:2      | XOM: 8-stop teleportation journey
  1037 | D:2      | Noticed Terence
  1053 | D:2      | Killed Terence
  1053 | D:2      | Reached skill level 4 in Polearms
  1053 | D:2      | Reached XP level 4. HP: 37/40 MP: 4/4
  1081 | D:2      | XOM: 10-stop teleportation journey
  1563 | D:2      | XOM: severe Conj miscast
  1759 | D:3      | Found an iron altar of Okawaru.
  1807 | D:3      | XOM: harmless Pois miscast
  2040 | D:3      | Reached XP level 5. HP: 44/47 MP: 5/5
  2045 | D:3      | XOM: noise
  2071 | D:3      | You fall into a shaft and drop 3 floors!
  2071 | D:6      | Found a staircase to the Ecumenical Temple.
  2078 | Temple   | Entered the Ecumenical Temple
  2211 | Temple   | XOM: summons 2 hostile demons
  2278 | D:6      | Found a snail-covered altar of Cheibriados.
  2278 | D:6      | Noticed an ogre
  2280 | D:6      | XOM: noise
  2282 | D:6      | XOM: confuse monster(s)
  2348 | D:6      | Reached skill level 5 in Polearms
  2358 | D:6      | Noticed an ice beast
  2367 | D:6      | Noticed an ice beast
  2375 | D:5      | Entered Level 5 of the Dungeon
  2379 | D:5      | Noticed an ogre
  2380 | D:5      | Found a transporter.
  2380 | D:5      | Noticed 0gre's ghost (novice GnFi)
  2380 | D:5      | Noticed an ogre
  2381 | D:5      | Noticed an ogre
  2452 | D:5      | Noticed Blork the orc
  2465 | D:5      | Killed Blork the orc
  2465 | D:5      | Reached XP level 6. HP: 44/53 MP: 6/6
  2475 | D:5      | Noticed Grinder
  2476 | D:5      | XOM: cast spell 'Summon Ice Beast'
  2484 | D:5      | Paralysed by Grinder for 4 turns
  2494 | D:5      | XOM: cleaving
  2498 | D:5      | XOM: confuse monster(s)
  2507 | D:5      | XOM: summons friendly white imp
  2520 | D:5      | Killed an ice beast
  2533 | D:5      | XOM: enchant monster (good)
  2613 | D:4      | XOM: 1-stop teleportation journey
  2637 | D:4      | You fall into a shaft and drop 2 floors!
  2644 | D:6      | You fall into a shaft and drop 2 floors!
  2647 | D:8      | XOM: scenery: create altars
  2650 | D:8      | Reached skill level 5 in Fighting
  2658 | D:8      | Reached skill level 6 in Polearms
  2724 | D:8      | Noticed a sky beast
  2810 | D:8      | Killed a sky beast
  2810 | D:8      | Your scales start taking on a golden yellow colour.
  2810 | D:8      | Reached XP level 7. HP: 41/61 MP: 7/7
  2810 | D:8      | Gained mutation: You are resistant to acid. (rCorr) [Yellow
                  | Draconian growth]
  2943 | D:7      | XOM: cleaving
  2960 | D:7      | Found a sand-covered staircase.
  2980 | Ossuary  | Entered an ossuary
  3021 | Ossuary  | XOM: god gift: translucent pewter ring {god gift}
  3029 | Ossuary  | Got a translucent pewter ring {god gift}
  3030 | Ossuary  | Identified the ring "Taodun" {rN+ MP+9 Dex+2} (Xom gifted
                  | it to you in an ossuary)
  3207 | D:7      | Reached skill level 7 in Polearms
  3334 | D:7      | Reached XP level 8. HP: 63/70 MP: 8/8
  3360 | D:7      | XOM: god gift: 44 gold pieces
  3389 | D:7      | XOM: fake destruction
  3415 | D:7      | XOM: god gift: bronze wand {god gift}
  3867 | D:7      | Reached skill level 8 in Polearms
  3953 | D:7      | XOM: scenery: 1 doors open
  3962 | D:7      | Reached skill level 5 in Dodging
  4148 | D:8      | XOM: cloud trail
  4263 | D:8      | Found a burning altar of Makhleb.
  4263 | D:8      | Found a stormy altar of Qazlal.
  4352 | D:8      | XOM: mild Tloc miscast
  4610 | D:9      | Reached skill level 9 in Polearms
  4627 | D:9      | XOM: enchant monster (bad)
  4635 | D:9      | Noticed a troll
  4642 | D:8      | XOM: blink monster(s)
  4828 | D:7      | XOM: summons 4 hostile demons
  4887 | D:8      | XOM: fake destruction
  4898 | D:8      | Reached XP level 9. HP: 72/78 MP: 9/9
  4949 | D:8      | XOM: medium Air miscast
  5173 | D:8      | XOM: cast spell 'Alistair's Intoxication'
  5176 | D:8      | Killed a troll
  5286 | D:9      | XOM: noise
  5329 | D:8      | Reached skill level 10 in Polearms
  5394 | D:9      | XOM: enchant monster (good)
  5549 | D:9      | Noticed Joseph
  5550 | D:9      | XOM: butterfly on damage
  5666 | D:8      | XOM: harmless Pois miscast
  5699 | D:8      | XOM: give mutations
  5699 | D:8      | Gained mutation: You passively map a small area around you.
                  | [Xom's mischief]
  5699 | D:8      | Gained mutation: You are frail. (-10% HP) [Xom's mischief]
  5699 | D:8      | Gained mutation: You are very frail. (-20% HP) [Xom's
                  | mischief]
  5831 | D:9      | XOM: smoke on damage
  5855 | D:9      | Killed Joseph
  6115 | D:9      | XOM: give mutations
  6115 | D:9      | Gained mutation: You are extremely frail. (-30% HP) [Xom's
                  | mischief]
  6115 | D:9      | Gained mutation: You possess an exceptional clarity of
                  | mind. [Xom's mischief]
  6246 | D:10     | Entered Level 10 of the Dungeon
  6249 | D:10     | XOM: blink monster(s)
  6260 | D:10     | XOM: smoke on damage
  6293 | D:10     | Noticed a death yak
  6297 | D:10     | XOM: summons friendly ufetubus
  6304 | D:10     | XOM: enchant monster (bad)
  6316 | D:10     | Mangled by a yak

Levels and vault maps discovered:
D:1:      psy_arrival_statuary, layout_basic
D:2:      layout_loops_corners, first_ration, uniq_terence
D:3:      layout_loops_ring, old_standard_altar, makhleb_blood_cavern_becter
D:4:      minmay_general_purpose_star, layout_loops_ring, minmay_strange_pillars
D:5:      layout_basic, serial_glass, glass_columns_b, glass_columns_a,
          gammafunk_ghost_smash, uniq_grinder, uniq_blork_the_orc
D:6:      layout_basic, slow_altar_1, minmay_temple_entry_mini_moons
D:7:      layout_gridville, gup_ossuary_entry_pyramid
D:8:      layout_loops_ring, gammafunk_temple_overflow_elements,
          eino_tiny_chamber
D:9:      layout_rooms, uniq_joseph
D:10:     layout_gridville, david_lair_generic, basic_altar
Temple:   dpeg_five_rooms_temple

Skill      XL: |  1  2  3  4  5  6  7  8  9 |
---------------+----------------------------+-----
Fighting       | 4 5 6 7 |  7.6
Polearms       | 4 5 6 7 9 10 | 10.7
Dodging        | 3 4 5 7 |  7.2

Action                   |  1- 3 |  4- 6 |  7- 9 || total
-------------------------+-------+-------+-------++-------
Melee: Spear             |   113 |   188 |   464 ||   765
       Tailslap          |     4 |    22 |    64 ||    90
Throw: Dart              |       |     5 |     6 ||    11
 Abil: Breathe Acid      |       |       |     2 ||     2
Evoke: Wand              |       |       |     8 ||     8
  Use: Potion            |     1 |       |     1 ||     2
       Scroll            |       |     4 |    10 ||    14
 Stab: Sleeping          |     2 |     2 |       ||     4
       Paralysed         |       |     2 |     8 ||    10
       Confused          |       |     2 |     2 ||     4
  Eat: Chunk             |       |     6 |     8 ||    14
       Ration            |       |       |     1 ||     1
Armor: Skin              |    16 |    37 |    94 ||   147
Dodge: Dodged            |    42 |    81 |   275 ||   398
